 Dungeon Crawl Stone Soup version 0.31-a0-1074-g0b22e4e0f1 (webtiles) character file.

Game seed: 14369406180938577239

1652 horus123 the Gusty (level 8, -2/57 HPs)
             Began as a Demigod Air Elementalist on Nov 30, 2023.
             Slain by an unseen horror (4 damage)
             ... on level 7 of the Dungeon.
             The game lasted 00:15:18 (5706 turns).

horus123 the Gusty (Demigod Air Elementalist)       Turns: 5706, Time: 00:15:19

Health: -2/57      AC:  4    Str:  9    XL:     8   Next: 40%
Magic:  15/15      EV: 12    Int: 25    God:
Gold:   205        SH:  0    Dex: 20    Spells: 2/13 levels left

rFire   + . .        j - +0 long sword
rCold   . . .        (no shield)
rNeg    . . .        p - +1 robe {Will+}
rPois   .            (no helmet)
rElec   .            (no cloak)
rCorr   .            w - +0 pair of gloves
SInv    .            (no boots)
Will    +....        k - amulet of magic regeneration
Stlth   ++           e - ring of protection from fire
HPRegen 0.29/turn    o - +6 ring of dexterity
MPRegen 0.54/turn

%: no passive effects
@: no status effects
A: high MP 1, forlorn, divine attributes
a: no special abilities


You were on level 7 of the Dungeon.
You visited 2 branches of the dungeon, and saw 8 of its levels.

You collected 205 gold pieces.

Inventory:

Hand Weapons
 b - a +3 heavy halberd
 f - a +4 dagger of protection
 i - a +2 short sword of venom
 j - a +0 long sword (weapon)
 s - a +2 halberd of flaming
 u - a +3 trident of draining
Armour
 a - a +0 robe
 p - a +1 robe of willpower (worn)
 v - an orb of energy
 w - a +0 pair of gloves (worn)
Jewellery
 e - a ring of protection from fire (left hand)
 k - an amulet of magic regeneration (around neck)
 o - a +6 ring of dexterity (right hand)
Wands
 n - a wand of roots (3)
Scrolls
 g - 2 scrolls of immolation
 r - a scroll of poison
 t - a scroll of silence
 y - a scroll of acquirement {unknown}
Potions
 c - a potion of cancellation {unknown}
 d - a potion of lignification {unknown}
 h - 2 potions of berserk rage {unknown}
 l - a potion of haste {unknown}
 m - 3 potions of heal wounds {unknown}
 q - a potion of curing {unknown}


   Skills:
 - Level 1.7 Dodging
 - Level 1.7 Stealth
 - Level 3.0 Spellcasting
 - Level 5.0 Conjurations
 - Level 4.0 Ice Magic
 + Level 7.7 Air Magic


You had 2 spell levels left.
You knew the following spells:

 Your Spells              Type           Power      Damage    Failure   Level
a - Shock                 Conj/Air       100%       1d9       1%          1
b - Hailstorm             Conj/Ice       26%        3d7       4%          3
c - Static Discharge      Conj/Air       70%        3-6/arc   1%          2
d - Freeze                Ice            92%        1d9       1%          1
e - Airstrike             Air            21%        2d(3-19)  4%          4

Your spell library contained the following spells:

 Spells                   Type           Power      Damage    Failure   Level
 Swiftness                Air            42%        N/A       1%          3
 Frozen Ramparts          Ice            46%        1d7       6%          3
 Gell's Gravitas          Tloc           3%         N/A       30%         3
 Teleport Other           Tloc           3%         N/A       30%         3
 Dispersal                Tloc           1%         N/A       100%        6


Dungeon Overview and Level Annotations

Branches:
Dungeon (7/15)             Temple (1/1) D:4

Shops:
D:4 :


Innate Abilities, Weirdness & Mutations

You have an increased reservoir of magic. (+10% MP)
You shall have no god before yourself.
Your divine heritage dramatically boosts your attributes as you level up.


Message History

You can't see any susceptible monsters within range! (Use Z to cast anyway.) No target in view!
No target in view!
Casting: Freeze (safe; 1% risk of failure)
Confirm with . or Enter, or press ? or * to list all spells.
Okay, then.
Deactivating autopickup; reactivate with Ctrl-A.
You closely miss something. Something hits you! Something hits you.
Casting: Freeze (safe; 1% risk of failure)
Confirm with . or Enter, or press ? or * to list all spells.
You can't see any susceptible monsters within range! (Use Z to cast anyway.)
Casting: Freeze (safe; 1% risk of failure)
Confirm with . or Enter, or press ? or * to list all spells.
Aiming: Freeze (safe; 1% risk of failure)
Press: ? - help, Shift-Dir - straight line There's nothing close enough!
Something hits you. x3
Unknown command.
You closely miss something.
Something hits you but does no damage. x2
Something hits you!
You miss something. Something barely misses you.
Casting: Freeze (safe; 1% risk of failure)
Confirm with . or Enter, or press ? or * to list all spells.
You can't see any susceptible monsters within range! (Use Z to cast anyway.)
Casting: Freeze (safe; 1% risk of failure)
Confirm with . or Enter, or press ? or * to list all spells.
Aiming: Freeze (safe; 1% risk of failure)
Press: ? - help, Shift-Dir - straight line There's nothing close enough!
Something hits you!
* * * LOW HITPOINT WARNING * * *
Unknown command.
You barely miss something. Something hits you but does no damage.
Something hits you.
* * * LOW HITPOINT WARNING * * *
Something hits you!
* * * LOW HITPOINT WARNING * * *
Something hits you but does no damage. Something hits you.
* * * LOW HITPOINT WARNING * * *
Something hits you but does no damage. Something hits you.
You die...

#...............#
.##..............#
..[.....#####.##.#
#.....# #.##.#######
#.....# ##.##.......#
#.....# #..##.......#
#.....# #>..+.......#
#.....####.###.......#
######...@..##.......#
#......##.......# .
#......##[......####.
#.......#.......#....
#.....#.########.....
#.....#..######......
#.....##.....#.......
#.....######.........
#.....# ##.........


There were no monsters in sight!

Vanquished Creatures
  Jeremiah (D:7)
  Grinder (D:4)
  Eustachio (D:4)
  A sky beast (D:7)
  2 ice beasts
  2 bullfrogs
  A scorpion (D:7)
  A hound (D:5)
  3 jellies
  3 orc priests
  A gnoll bouda (D:5)
  2 iguanas (D:5)
  3 orc wizards
  9 gnolls
  5 adders
  A shadow imp (D:6)
  A worm (D:2)
  2 dart slugs
  18 orcs
  4 bats
  10 endoplasms
  A giant cockroach (D:3)
  3 goblins
  A hobgoblin (D:1)
  5 quokkas
  8 ball pythons
  3 frilled lizards
  6 kobolds
  6 rats
105 creatures vanquished.

Notes
Turn   | Place    | Note
-------+----------+-------------------------------------------
     0 | D:1      | horus123 the Demigod Air Elementalist began the quest for
                  | the Orb.
     0 | D:1      | Reached XP level 1. HP: 14/14 MP: 5/5
   384 | D:1      | Reached XP level 2. HP: 20/20 MP: 1/8
   952 | D:2      | Reached skill level 1 in Conjurations
  1250 | D:2      | Reached XP level 3. HP: 26/26 MP: 8/10
  1487 | D:2      | Learned a level 3 spell: Hailstorm
  1490 | D:2      | Learned a level 2 spell: Static Discharge
  1492 | D:2      | Learned a level 1 spell: Freeze
  2311 | D:3      | Reached skill level 1 in Ice Magic
  2571 | D:4      | Noticed a bullfrog
  2577 | D:4      | Killed a bullfrog
  2578 | D:4      | Reached XP level 4. HP: 14/33 MP: 1/11
  2679 | D:4      | Found a staircase to the Ecumenical Temple.
  2693 | Temple   | Entered the Ecumenical Temple
  2768 | D:4      | Noticed Eustachio
  2790 | D:4      | Killed Eustachio
  2791 | D:4      | Reached XP level 5. HP: 21/38 MP: 6/12
  2857 | D:4      | Found Gunkeit's Vocational Training.
  2951 | D:4      | Noticed Grinder
  3085 | D:4      | Reached XP level 6. HP: 31/45 MP: 13/13
  3350 | D:4      | Killed Grinder
  3498 | D:4      | Identified the +1 sling of the Ferocious God {heavy, rC+
                  | rN+}
  3676 | D:4      | Learned a level 4 spell: Airstrike
  3712 | D:5      | Entered Level 5 of the Dungeon
  3803 | D:5      | Reached skill level 5 in Conjurations
  3803 | D:5      | Reached skill level 3 in Air Magic
  3803 | D:5      | Reached XP level 7. HP: 50/50 MP: 7/14
  3850 | D:5      | Reached skill level 4 in Air Magic
  5043 | D:6      | Reached skill level 5 in Air Magic
  5047 | D:6      | HP: 1/50 [orc priest/nerve-wracking pain (14)]
  5545 | D:7      | Noticed Jeremiah
  5556 | D:7      | Killed Jeremiah
  5557 | D:7      | Reached skill level 6 in Air Magic
  5557 | D:7      | Reached XP level 8. HP: 57/57 MP: 9/15
  5583 | D:7      | Reached skill level 7 in Air Magic
  5703 | D:7      | HP: 2/57 [something (7)]
  5706 | D:7      | Slain by an unseen horror

Illustrated notes

Levels and vault maps discovered:
D:1:      tarquinn_simple_flora_water_f, layout_basic
D:2:      layout_basic
D:3:      layout_loops_ring, lemuel_round_altar
D:4:      layout_loops_ring, mainiacjoe_overflow_cross_hatched,
          minmay_temple_entry_statues_fountains, nicolae_shop_vocational,
          uniq_eustachio, uniq_grinder
D:5:      layout_layer_cave, grunt_ministairs_2, feat_on_display
D:6:      minmay_skewed_foursquare, layout_gridville
D:7:      layout_basic, uniq_jeremiah
Temple:   hellmonk_temple_forest_ring

Skill      XL: |  1  2  3  4  5  6  7  8 |
---------------+-------------------------+-----
Spellcasting   | 2 3 |  3.0
Conjurations   | 1 2 3 5 |  5.0
Ice Magic      | 2 4 |  4.0
Air Magic      | 3 6 7 |  7.7
Dodging        | |  1.7
Stealth        | |  1.7

Action                     |  1- 3 |  4- 6 |  7- 9 || total
---------------------------+-------+-------+-------++-------
  Melee: Dagger            |     9 |       |       ||     9
         Halberd           |       |     3 |     7 ||    10
         Long sword        |       |       |     4 ||     4
   Cast: Shock             |   101 |    65 |    77 ||   243
         Static Discharge  |     4 |     9 |     8 ||    21
         Freeze            |       |     2 |     5 ||     7
         Hailstorm         |       |       |     3 ||     3
         Airstrike         |       |       |     5 ||     5
    Use: Scroll            |     4 |       |     4 ||     8
         Potion            |       |     1 |       ||     1
   Stab: Sleeping          |     1 |       |       ||     1
 Armour: Robe              |    24 |    22 |    32 ||    78
  Dodge: Dodged            |    25 |     6 |    12 ||    43

Table legend: (Time is in decaauts)
 A = Elapsed time spent in this place.
 B = Non-inter-level travel time spent in this place.
 C = Inter-level travel time spent in this place.
 D = Time resting spent in this place.
 E = Time spent auto-exploring this place.
 F = Levels seen in this place.
 G = Mean time per level.
                   A        B        C        D        E       F      G
               +--------+--------+--------+--------+--------+-----+--------+
         Total |   5710 |   5515 |    195 |    305 |   4433 |   8 |  713.8 |
       Dungeon |   5645 |   5464 |    181 |    305 |   4433 |   7 |  806.4 |
        Temple |     64 |     50 |     14 |      0 |      0 |   1 |   64.0 |
               +--------+--------+--------+--------+--------+-----+--------+

Top non-repeatable levels by time:
     D:5: 1318 daAuts
     D:4: 1095 daAuts
     D:2: 972 daAuts
     D:1: 811 daAuts
     D:3: 768 daAuts
     D:6: 498 daAuts
     D:7: 180 daAuts
  Temple: 64 daAuts
